 Dungeon Crawl Stone Soup version 0.31.0-32-g396128a36d (webtiles) character file.

Game seed: 26574659793474510

26334 w4ck4d00 the Destroyer (level 13, -21/99 HPs)
             Began as a Gnoll Conjurer on Apr 4, 2024.
             Was a Priest of Qazlal.
             Killed from afar by a deep elf knight (25 damage)
             ... with a shard of ice
             ... on level 1 of the Elven Halls on Apr 6, 2024.
             The game lasted 06:33:10 (24116 turns).

w4ck4d00 the Destroyer (Gnoll Conjurer)            Turns: 24116, Time: 06:33:10

Health: -21/99     AC: 11    Str:  7    XL:     13   Next: 25%
Magic:  32/35      EV: 20    Int: 24    God:    Qazlal [***...]
Gold:   258        SH:  3    Dex: 12    Spells: 2/31 levels left

rFire   + . .        N - +5 falchion (freeze)
rCold   x . .        O - orb {*channel}
rNeg    . . .        p - +3 steam dragon scales
rPois   +            (no helmet)
rElec   .            (no cloak)
rCorr   +            V - +0 pair of gloves of Lies {rPois MP+9 Int+3}
SInv    .            (no boots)
Will    +....        U - amulet of magic regeneration
Stlth   +++          A - ring of fire
HPRegen 0.36/turn    i - ring "Xesexkaw" {Will+ rCorr EV+5}
MPRegen 0.64/turn

%: channel magic (20%)
@: no status effects
A: fangs 1, strong nose, distributed training
a: Renounce Religion, Upheaval, Elemental Force


You were on level 1 of the Elven Halls.
You worshipped Qazlal.
Qazlal was most pleased with you.
You visited 4 branches of the dungeon, and saw 13 of its levels.

You collected 1252 gold pieces.
You spent 994 gold pieces at shops.

Inventory:

Hand Weapons
 b - a +3 spear
 N - a +5 falchion of freezing (weapon)
Missiles
 g - 18 poisoned darts
 u - 2 atropa-tipped darts
Armour
 p - +3 steam dragon scales (worn)
 F - the +1 robe of Marbles {Harm rC- rN++ Regen+}
   (You found it on level 6 of the Dungeon)

   rC-:       It makes you vulnerable to cold.
   rN++:      It greatly protects you from negative energy.
   Regen+:    It increases your rate of health regeneration.
   Harm:      It increases damage dealt and taken.
 O - an orb of energy (worn)
 V - the +0 pair of gloves of Lies (worn) {rPois MP+9 Int+3}
   (You acquired it on level 9 of the Dungeon)

   Int+3:     It affects your intelligence (+3).
   rPois:     It protects you from poison MP+9: It affects your magic capacity
   (+9).
Magical Staves
 e - a staff of death
 l - a staff of alchemy
Jewellery
 i - the ring "Xesexkaw" (right hand) {Will+ rCorr EV+5}
   (You found it on level 1 of the Elven Halls)

   [ring of evasion]

   EV+5:      It affects your evasion (+5).
   Will+:     It increases your willpower.
   rCorr:     It protects you from acid and corrosion.
 m - a +6 ring of intelligence
 A - a ring of fire (left hand)
 J - an amulet of regeneration
 Q - a ring of flight
 T - a ring of positive energy
 U - an amulet of magic regeneration (around neck)
Talismans
 h - a flux talisman
 k - a beast talisman
 G - a serpent talisman
Wands
 n - a wand of iceblast (10)
 r - a wand of charming (9)
 H - a wand of mindburst (12)
 I - a wand of digging (7)
 K - a wand of quicksilver (7)
 R - a wand of polymorph (3)
Scrolls
 c - a scroll of noise
 f - a scroll of revelation
 x - a scroll of teleportation
 y - 3 scrolls of vulnerability
 B - a scroll of enchant weapon
 C - 2 scrolls of poison
 D - 3 scrolls of fear
 E - a scroll of immolation
 S - a scroll of butterflies
 Y - a scroll of fog
Potions
 a - 6 potions of curing
 d - 3 potions of heal wounds
 q - a potion of attraction
 v - a potion of haste
 w - 2 potions of cancellation
 z - a potion of degeneration
 P - a potion of might
 W - 3 potions of mutation


   Skills:
 + Level 8.4 Fighting
 + Level 8.4 Short Blades
 + Level 8.4 Long Blades
 + Level 8.4 Axes
 + Level 8.4 Maces & Flails
 + Level 8.4 Polearms
 + Level 8.4 Staves
 + Level 8.4 Ranged Weapons
 + Level 8.4 Throwing
 + Level 8.4 Armour
 + Level 9.6 Dodging
 + Level 9.4 Stealth
 + Level 8.4 Shields
 + Level 8.4 Unarmed Combat
 + Level 9.8 Spellcasting
 + Level 10.0 Conjurations
 + Level 7.0 Hexes
 + Level 7.0 Summonings
 + Level 7.0 Necromancy
 + Level 7.0 Translocations
 + Level 7.0 Fire Magic
 + Level 7.0 Ice Magic
 + Level 7.0 Air Magic
 + Level 7.0 Earth Magic
 + Level 7.0 Alchemy
 + Level 9.2 Invocations
 + Level 8.4 Evocations
 + Level 7.7 Shapeshifting


You had 2 spell levels left.
You knew the following spells:

 Your Spells              Type           Power      Damage    Failure   Level
a - Magic Dart            Conj           100%       1d8       1%          1
b - Searing Ray           Conj           100%       2d8       1%          2
c - Iskenderun's Mystic   Conj/Tloc      52%        2d11      7%          4
d - Inner Flame           Hex/Fire       62%        N/A       4%          3
e - Hailstorm             Conj/Ice       52%        3d10      3%          3
f - Freeze                Ice            100%       1d10      2%          1
g - Fulminant Prism       Conj/Alch      26%        3d14      7%          4
h - Flame Wave            Conj/Fire      68%        2d15      7%          4
i - Swiftness             Air            45%        N/A       4%          3
j - Petrify               Alch/Erth      45%        N/A       11%         4

Your spell library contained the following spells:

 Spells                   Type           Power      Damage    Failure   Level
 Ensorcelled Hibernation  Hex/Ice        90%        N/A       3%          2
 Sublimation of Blood     Necr           45%        N/A       3%          2
 Frozen Ramparts          Ice            90%        1d14      4%          3
 Fugue of the Fallen      Necr           45%        N/A       4%          3
 Ozocubu's Armour         Ice            45%        N/A       4%          3
 Passwall                 Erth           45%        N/A       4%          3
 Tukima's Dance           Hex            45%        N/A       4%          3
 Manifold Assault         Tloc           45%        N/A       11%         4
 Passage of Golubria      Tloc           45%        N/A       11%         4
 Sticky Flame             Fire/Alch      62%        2d10      11%         4
 Irradiate                Conj/Alch      26%        3d20      13%         5
 Yara's Violent Unravell  Hex/Alch       22%        3d10      22%         5
 Dispersal                Tloc           22%        N/A       63%         6
 Disjunction              Tloc           22%        N/A       100%        8


Dungeon Overview and Level Annotations

Branches:
Dungeon (9/15)             Temple (1/1) D:4             Orc (2/2) D:9
    Elf (1/3) Orc:2
   Lair: D:8-11

Altars:
Ashenzari
Cheibriados
Dithmenos
Elyvilon
Fedhas
Gozag
Hepliaklqana
Makhleb
Nemelex Xobeh
Okawaru
Qazlal
Ru
Sif Muna
Trog
Uskayaw
Vehumet
Wu Jian
Yredelemnul
Zin
The Shining One

Shops:
D:3 !   D:9 *   Orc:1 *   Orc:2 !*[[

Annotations:
Elf:1 20 runed translucent doors


Innate Abilities, Weirdness & Mutations

You have very sharp teeth.
Your uncanny sense of smell can sniff out nearby items.
Your experience applies equally to all skills.


Message History

Casting: Inner Flame (mildly dangerous; 4% risk of failure)
Confirm with . or Enter, or press ? or * to list all spells.
Aiming: Fulminant Prism (dangerous; 7% risk of failure)
Press: ? - help, Dir - move target, p - deep elf knight You miscast Fulminant Prism.
You are very lightly contaminated with residual magic.
Nothing appears to happen.
Magical energy flows into your mind!
The deep elf knight mumbles some strange words.
The deep elf knight flickers and vanishes!
A shard of ice appears from out of thin air!
The shard of ice hits you!!!
You feel a painful chill!
You see here a +0 long sword.
Your magical contamination has completely faded away.
Casting: Fulminant Prism (dangerous; 7% risk of failure)
Confirm with . or Enter, or press ? or * to list all spells.
Aiming: Fulminant Prism (dangerous; 7% risk of failure)
Press: ? - help, Dir - move target You conjure a prism of explosive energy!
Magical energy flows into your mind!
A fulminant prism comes into view.
Something completely misses your fulminant prism.
Something hits your fulminant prism. x2
Your fulminant prism crackles loudly.
Something hits your fulminant prism!
Your fulminant prism explodes!
The blast of energy engulfs something!
Flame seeps out of something.
Casting: Fulminant Prism (dangerous; 7% risk of failure)
Confirm with . or Enter, or press ? or * to list all spells.
Aiming: Fulminant Prism (dangerous; 7% risk of failure)
Press: ? - help, Dir - move target You conjure a prism of explosive energy!
A fulminant prism comes into view.
Flame seeps out of something.
A shard of ice appears from out of thin air!
The shard of ice hits you!!!
You feel a painful chill!
* * * LOW HITPOINT WARNING * * *
Flame seeps out of something.
A shard of ice appears from out of thin air!
The shard of ice hits you!!
You feel a painful chill!
You die...

#############
#...'.....#<#
##.###).#..#.#
#..# #.###.#.#
##.##
#..#..#)# #.@#
#.....#[#
##.##
#..#..#.#
####..#
#.###.#(#
#..)*##
#..#..#)#
#{####
#....)'.# #.#
#########
###.# #...#
##.).#


You could see a friendly fulminant prism (unaware).

Vanquished Creatures
  A two-headed ogre (D:9)
  A dancing weapon (Elf:1)
  3 orc high priests (Orc:2)
  A deep elf knight (Elf:1)
  A deep elf archer (Elf:1)
  6 orc knights
  4 deep elf pyromancers (Elf:1)
  4 deep elf zephyrmancers (Elf:1)
  A cyclops (shapeshifter) (Elf:1)
  A cyclops (D:7)
  5 orc sorcerers (Orc:2)
  A manticore (D:9)
  3 kobold blastminers
  The ghost of Eolas the Skirmisher, a novice DgHu (D:6)
  An unseen horror (D:8)
  4 trolls
  A slime creature (D:7)
  Eustachio (D:5)
  11 yaks
  A water elemental (Elf:1)
  3 wargs
  2 steam dragons
  A vampire mosquito (D:6)
  Duvessa (D:6)
  2 water moccasins
  A black bear (D:5)
  2 ice beasts
  13 orc warriors
  2 sky beasts
  4 ogres
  3 centaurs
  2 phantoms
  Blork the orc (D:6)
  4 bullfrogs
  3 kobold brigands
  A gnoll sergeant (D:7)
  5 scorpions
  9 wights
  Dowan (D:6)
  24 killer bees
  3 howler monkeys
  An electric eel (D:8)
  A bombardier beetle (D:6)
  15 orc priests
  3 jellies
  2 hounds
  2 gnoll boudas (D:6)
  4 iguanas
  2 sleepcaps
  Terence (D:3)
  Natasha (thrice) (D:2)
  21 orc wizards
  12 gnolls
  9 adders
  2 shadow imps
  2 white imps
  2 ufetubi
  2 dart slugs
  A ribbon worm (D:3)
  60 orcs
  7 bats
  5 endoplasms
  9 goblins
  9 hobgoblins
  3 jackals (D:5)
  4 quokkas
  6 ball pythons
  4 frilled lizards
  10 kobolds
  2 rats
  A fulminant prism (D:6)
344 creatures vanquished.

Vanquished Creatures (collateral kills)
  An orc knight (Orc:2)
  An orc sorcerer (Orc:2)
  A kobold blastminer (Orc:2)
3 creatures vanquished.

Vanquished Creatures (others)
  An orc wizard (D:7)
  51 fulminant prisms
52 creatures vanquished.

Grand Total: 399 creatures vanquished

Notes
Turn   | Place    | Note
-------+----------+-------------------------------------------
     0 | D:1      | w4ck4d00 the Gnoll Conjurer began the quest for the Orb.
     0 | D:1      | Reached XP level 1. HP: 13/13 MP: 6/6
   297 | D:1      | Reached XP level 2. HP: 19/19 MP: 5/7
   319 | D:1      | Learned a level 2 spell: Searing Ray
  1816 | D:2      | Reached skill level 5 in Spellcasting
  1816 | D:2      | Reached XP level 3. HP: 25/25 MP: 4/9
  2042 | D:2      | Noticed Natasha
  2045 | D:2      | Killed Natasha
  2046 | D:2      | Reached skill level 1 in Fighting
  2046 | D:2      | Reached skill level 1 in Short Blades
  2046 | D:2      | Reached skill level 1 in Long Blades
  2046 | D:2      | Reached skill level 1 in Axes
  2046 | D:2      | Reached skill level 1 in Maces & Flails
  2046 | D:2      | Reached skill level 1 in Polearms
  2046 | D:2      | Reached skill level 1 in Staves
  2046 | D:2      | Reached skill level 1 in Ranged Weapons
  2046 | D:2      | Reached skill level 1 in Throwing
  2046 | D:2      | Reached skill level 1 in Armour
  2046 | D:2      | Reached skill level 1 in Shields
  2046 | D:2      | Reached skill level 1 in Unarmed Combat
  2046 | D:2      | Reached skill level 1 in Invocations
  2046 | D:2      | Reached skill level 1 in Evocations
  2150 | D:2      | Reached skill level 1 in Shapeshifting
  2150 | D:2      | Reached XP level 4. HP: 32/32 MP: 9/11
  2394 | D:2      | Noticed Natasha
  2399 | D:2      | Killed Natasha
  2400 | D:2      | Reached skill level 1 in Hexes
  2400 | D:2      | Reached skill level 1 in Summonings
  2400 | D:2      | Reached skill level 1 in Necromancy
  2400 | D:2      | Reached skill level 1 in Translocations
  2400 | D:2      | Reached skill level 1 in Fire Magic
  2400 | D:2      | Reached skill level 1 in Ice Magic
  2400 | D:2      | Reached skill level 1 in Air Magic
  2400 | D:2      | Reached skill level 1 in Earth Magic
  2400 | D:2      | Reached skill level 1 in Alchemy
  2454 | D:2      | You fall into a shaft and drop 2 floors!
  2492 | D:4      | Found a staircase to the Ecumenical Temple.
  2558 | D:4      | Reached XP level 5. HP: 22/37 MP: 7/12
  2558 | D:4      | Identified the +0 scale mail of the Eternal Void {Dex+3}
  2837 | D:3      | Found a stormy altar of Qazlal.
  2846 | D:3      | Became a worshipper of Qazlal Stormbringer
  3053 | D:3      | Learned a level 4 spell: Iskenderun's Mystic Blast
  3057 | D:3      | Reached XP level 6. HP: 44/44 MP: 7/13
  3073 | D:3      | Learned a level 3 spell: Inner Flame
  3219 | D:2      | Noticed Natasha
  3226 | D:2      | Killed Natasha
  3545 | D:3      | Noticed Terence
  3553 | D:3      | Killed Terence
  3554 | D:3      | Reached skill level 5 in Dodging
  3717 | D:3      | Found Arhaor's Distillery.
  3729 | D:3      | Bought a potion of curing for 30 gold pieces
  3729 | D:3      | Bought a potion of curing for 30 gold pieces
  3729 | D:3      | Bought a potion of invisibility for 80 gold pieces
  3729 | D:3      | Bought a potion of heal wounds for 50 gold pieces
  4490 | D:3      | Learned a level 3 spell: Hailstorm
  4650 | D:4      | Found a glowing golden altar of the Shining One.
  4698 | D:4      | Noticed a steam dragon
  4715 | D:4      | Killed a steam dragon
  4716 | D:4      | Reached XP level 7. HP: 8/51 MP: 0/15
  5387 | D:5      | Entered Level 5 of the Dungeon
  5421 | D:5      | Noticed Eustachio
  5578 | Temple   | Entered the Ecumenical Temple
  5799 | D:5      | Reached skill level 5 in Stealth
  6212 | D:5      | Reached XP level 8. HP: 58/58 MP: 6/16
  6277 | D:5      | Learned a level 1 spell: Freeze
  6600 | D:5      | Reached * piety under Qazlal
  6905 | D:5      | Killed Eustachio
  7349 | D:6      | Learned a level 4 spell: Fulminant Prism
  7582 | D:6      | Noticed Blork the orc
  7609 | D:6      | Killed Blork the orc
  7664 | D:6      | Noticed Dowan
  7698 | D:6      | Killed Dowan
  8056 | D:6      | Reached XP level 9. HP: 40/65 MP: 9/18
  8229 | D:6      | Found an ornate altar of the Wu Jian Council.
  8504 | D:6      | Noticed Duvessa
  8547 | D:6      | Killed Duvessa
  8548 | D:6      | Reached skill level 8 in Conjurations
  8934 | D:6      | Found a bloodstained altar of Trog.
  9112 | D:6      | Found a transporter.
  9115 | D:6      | Noticed Eolas's ghost (novice DgHu)
  9118 | D:6      | Found a transporter.
  9464 | D:6      | Killed Eolas's ghost
  9634 | D:6      | Reached skill level 5 in Invocations
  9804 | D:6      | Identified the +1 robe of Marbles {Harm rC- rN++ Regen+}
  9896 | D:7      | Found a burning altar of Makhleb.
 10026 | D:6      | Reached ** piety under Qazlal
 10258 | D:7      | Found a blossoming altar of Fedhas.
 10399 | D:7      | Reached skill level 5 in Fighting
 10399 | D:7      | Reached skill level 5 in Short Blades
 10399 | D:7      | Reached skill level 5 in Long Blades
 10399 | D:7      | Reached skill level 5 in Axes
 10399 | D:7      | Reached skill level 5 in Maces & Flails
 10399 | D:7      | Reached skill level 5 in Polearms
 10399 | D:7      | Reached skill level 5 in Staves
 10399 | D:7      | Reached skill level 5 in Ranged Weapons
 10399 | D:7      | Reached skill level 5 in Throwing
 10399 | D:7      | Reached skill level 5 in Armour
 10399 | D:7      | Reached skill level 5 in Shields
 10399 | D:7      | Reached skill level 5 in Unarmed Combat
 10399 | D:7      | Reached skill level 5 in Evocations
 10399 | D:7      | Reached XP level 10. HP: 61/74 MP: 7/20
 12629 | D:7      | Noticed a cyclops
 13418 | D:7      | Reached skill level 5 in Shapeshifting
 13923 | D:7      | Killed a cyclops
 14799 | D:8      | Learned a level 4 spell: Flame Wave
 14882 | D:8      | Reached *** piety under Qazlal
 15863 | D:8      | Killed an unseen horror
 15864 | D:8      | Reached skill level 5 in Hexes
 15864 | D:8      | Reached skill level 5 in Summonings
 15864 | D:8      | Reached skill level 5 in Necromancy
 15864 | D:8      | Reached skill level 5 in Translocations
 15864 | D:8      | Reached skill level 5 in Fire Magic
 15864 | D:8      | Reached skill level 5 in Ice Magic
 15864 | D:8      | Reached skill level 5 in Air Magic
 15864 | D:8      | Reached skill level 5 in Earth Magic
 15864 | D:8      | Reached skill level 5 in Alchemy
 15864 | D:8      | Reached XP level 11. HP: 67/81 MP: 7/22
 16390 | D:9      | Found Laohal's Assorted Antiques.
 16393 | D:9      | Bought a tiny jasper amulet for 150 gold pieces
 16412 | D:9      | Noticed a two-headed ogre
 16417 | D:9      | Killed a two-headed ogre
 16417 | D:9      | Noticed a manticore
 16436 | D:9      | Killed a manticore
 16616 | D:9      | Found the +5 Force Lance {heavy, knockback}
 16681 | D:9      | Reached skill level 9 in Conjurations
 16703 | D:9      | HP: 4/83 [yak (2)]
 16704 | D:9      | HP: 1/83 [yak (3)]
 16887 | D:9      | Reached **** piety under Qazlal
 17078 | D:9      | Identified a scroll of acquirement
 17079 | D:9      | Acquired the +0 pair of gloves of Lies {rPois MP+9 Int+3}
 17119 | D:9      | Found a staircase to the Orcish Mines.
 17137 | Orc:1    | Entered Level 1 of the Orcish Mines
 17509 | Orc:1    | Noticed an orc knight
 18343 | D:9      | Identified the +0 chain mail "Todynkus" {rPois rF+ Dex+3}
 18385 | D:9      | Learned a level 3 spell: Swiftness
 18463 | D:9      | Identified the +2 hand axe of Annoyance {flame, rElec rN+}
 18484 | D:9      | Bought a scroll of identify for 60 gold pieces
 18853 | Orc:1    | Killed an orc knight
 19045 | Orc:1    | Found Rusyiw Paeps's Assorted Antiques.
 19059 | Orc:1    | Bought a scroll labelled PUZAN RITSALE for 30 gold pieces
 19494 | Orc:2    | Entered Level 2 of the Orcish Mines
 19497 | Orc:2    | Noticed an orc sorcerer
 19499 | Orc:2    | Paralysed by an orc sorcerer for 2 turns
 19505 | Orc:2    | Killed an orc sorcerer
 19718 | Orc:2    | Noticed an orc knight
 19732 | Orc:2    | Killed an orc knight
 19733 | Orc:2    | Reached XP level 12. HP: 54/91 MP: 21/24
 20053 | Orc:2    | Found Sucieti's Distillery.
 20565 | Orc:2    | Bought a potion of curing for 54 gold pieces
 20565 | Orc:2    | Bought 2 potions of heal wounds for 180 gold pieces
 20565 | Orc:2    | Bought a potion of heal wounds for 90 gold pieces
 20565 | Orc:2    | Bought 2 potions of curing for 108 gold pieces
 20565 | Orc:2    | Bought a potion of heal wounds for 90 gold pieces
 20618 | Orc:2    | Found a staircase to the Elven Halls.
 21098 | Orc:2    | Noticed a sun demon
 21100 | Orc:2    | Noticed an orc high priest
 21287 | Orc:2    | Noticed a sun demon
 21484 | Orc:2    | Killed an orc high priest
 21567 | Orc:2    | Noticed an orc high priest
 21572 | Orc:2    | Killed an orc high priest
 21599 | Orc:2    | Noticed an orc high priest
 21607 | Orc:2    | Killed an orc high priest
 21667 | Orc:2    | Paralysed by an orc sorcerer for 2 turns
 21691 | Orc:2    | Found Fuddijod's Antique Armour Shoppe.
 21691 | Orc:2    | Found Hukyiph's Assorted Antiques.
 21722 | Orc:2    | Found Vuzarepp's Antique Armour Shop.
 21722 | Orc:2    | Found Qutrat's General Store.
 21804 | Orc:2    | Bought a potion of curing for 42 gold pieces
 22031 | Elf:1    | Entered Level 1 of the Elven Halls
 22078 | Elf:1    | Reached XP level 13. HP: 27/98 MP: 25/26
 22278 | Orc:2    | Learned a level 4 spell: Petrify
 22471 | Elf:1    | Reached skill level 10 in Conjurations
 23561 | Elf:1    | Identified the +6 scale mail "Fadda" {^Contam rC+ rN+}
 23613 | Elf:1    | Found a huge runed translucent gate.
 23615 | Elf:1    | Found a huge runed translucent gate.
 23616 | Elf:1    | Found a huge runed translucent gate.
 23616 | Elf:1    | Found a huge runed translucent gate.
 23617 | Elf:1    | Found a huge runed translucent gate.
 23618 | Elf:1    | Found a huge runed translucent gate.
 23618 | Elf:1    | Found a huge runed translucent gate.
 23618 | Elf:1    | Found a huge runed translucent gate.
 23618 | Elf:1    | Found a huge runed translucent gate.
 23618 | Elf:1    | Found a huge runed translucent gate.
 23619 | Elf:1    | Found a huge runed translucent gate.
 23619 | Elf:1    | Found a huge runed translucent gate.
 23619 | Elf:1    | Found a huge runed translucent gate.
 23619 | Elf:1    | Found a huge runed translucent gate.
 23619 | Elf:1    | Found a huge runed translucent gate.
 23619 | Elf:1    | Found a huge runed translucent gate.
 23619 | Elf:1    | Found a huge runed translucent gate.
 23619 | Elf:1    | Found a huge runed translucent gate.
 23620 | Elf:1    | Found a huge runed translucent gate.
 23620 | Elf:1    | Found a huge runed translucent gate.
 23689 | Elf:1    | Noticed a deep elf master archer
 23697 | Elf:1    | Noticed a deep elf annihilator
 24012 | Elf:1    | Identified the ring "Xesexkaw" {Will+ rCorr EV+5}
 24116 | Elf:1    | HP: 4/99 [something/shard of ice (45)]
 24116 | Elf:1    | Killed from afar by a deep elf knight

Illustrated notes

Levels and vault maps discovered:
D:1:      shiori_arrival_maze, layout_loops_ring, serial_forest,
          infiniplex_forest_lined_4_way, infiniplex_forest_end_1,
          infiniplex_forest_clump_long, infiniplex_forest_clump_small,
          infiniplex_forest_clump_small, infiniplex_forest_lined_ring,
          infiniplex_forest_clump_curved, chequers_serial_rivers_small_b
D:2:      layout_loops_ring, uniq_natasha
D:3:      layout_basic, lemuel_crystal_altar, serial_shops, shop, uniq_terence
D:4:      layout_basic, tso_metal_star, minmay_temple_entry_statues_fountains
D:5:      layout_basic, uniq_eustachio
D:6:      layout_cave_pools, mainiacjoe_overflow_small_starburst,
          general_overflow_altar, gammafunk_ghost_arena, uniq_duvessa,
          uniq_blork_the_orc
D:7:      minmay_chambers_of_sevens, layout_rooms, mainiacjoe_overflow_chevrons,
          fedhas_altar_3
D:8:      layout_basic, kennysheep_doodads
D:9:      layout_roguey, orc_0_dummy, enter_bailey_5, serial_shops,
          kennysheep_mini_moat, grunt_ministairs_8, minmay_fractal_squares_5
Temple:   minmay_temple_curvy_branch
Orc:1:    layout_diamond_mine, basic_altar, serial_shops, shop,
          nicolae_orc_stalacmites
Orc:2:    st_orc_elflike, layout_caves, serial_shops, shop,
          nicolae_orc_crystal_geode
Elf:1:    eino_elf_arrival_customs, layout_rooms, hangedman_elf_represent

Skill      XL: |  1  2  3  4  5  6  7  8  9 10 11 12 13 |
---------------+----------------------------------------+-----
Spellcasting   | 5 6 7 8 9 |  9.8
Fighting       | 1 2 3 5 6 7 8 |  8.4
Short Blades   | 1 2 3 5 6 7 8 |  8.4
Long Blades    | 1 2 3 5 6 7 8 |  8.4
Axes           | 1 2 3 5 6 7 8 |  8.4
Maces & Flails | 1 2 3 5 6 7 8 |  8.4
Polearms       | 1 2 3 5 6 7 8 |  8.4
Staves         | 1 2 3 5 6 7 8 |  8.4
Ranged Weapons | 1 2 3 5 6 7 8 |  8.4
Throwing       | 1 2 3 5 6 7 8 |  8.4
Armour         | 1 2 3 5 6 7 8 |  8.4
Shields        | 1 2 3 5 6 7 8 |  8.4
Unarmed Combat | 1 2 3 5 6 7 8 |  8.4
Invocations    | 1 2 3 4 5 6 7 8 9 |  9.2
Evocations     | 1 2 3 5 6 7 8 |  8.4
Shapeshifting  | 1 2 3 4 5 6 7 |  7.7
Hexes          | 1 2 3 4 5 6 7 |  7.0
Summonings     | 1 2 3 4 5 6 7 |  7.0
Necromancy     | 1 2 3 4 5 6 7 |  7.0
Translocations | 1 2 3 4 5 6 7 |  7.0
Fire Magic     | 1 2 3 4 5 6 7 |  7.0
Ice Magic      | 1 2 3 4 5 6 7 |  7.0
Air Magic      | 1 2 3 4 5 6 7 |  7.0
Earth Magic    | 1 2 3 4 5 6 7 |  7.0
Alchemy        | 1 2 3 4 5 6 7 |  7.0
Dodging        | 5 6 7 8 9 |  9.6
Stealth        | 5 6 7 8 9 |  9.4
Conjurations   | 8 9 10 | 10.0

Action                     |  1- 3 |  4- 6 |  7- 9 | 10-12 | 13-15 || total
---------------------------+-------+-------+-------+-------+-------++-------
  Melee: Staff             |     6 |       |       |       |       ||     6
         Dagger            |       |    12 |       |     4 |       ||    16
         Bite              |       |     1 |       |     1 |       ||     2
         Falchion          |       |       |       |     9 |       ||     9
   Cast: Magic Dart        |    31 |    37 |    69 |   196 |    15 ||   348
         Searing Ray       |    11 |    31 |    47 |    24 |       ||   113
         Hailstorm         |       |     3 |     5 |    20 |     2 ||    30
         Inner Flame       |       |     2 |    32 |   139 |    11 ||   184
         Freeze            |       |       |     6 |       |       ||     6
         Fulminant Prism   |       |       |    19 |    21 |    14 ||    54
         Iskenderun's Myst |       |       |     1 |    89 |     6 ||    96
         Flame Wave        |       |       |       |    17 |       ||    17
         Swiftness         |       |       |       |     7 |     4 ||    11
         Petrify           |       |       |       |       |     3 ||     3
 Invoke: Elemental Force   |       |       |       |     7 |       ||     7
         Upheaval          |       |       |       |     2 |       ||     2
Ability: Begin Untransform |       |       |     3 |     2 |       ||     5
  Evoke: Wand              |       |     3 |     3 |     4 |       ||    10
    Use: Potion            |     2 |     4 |     2 |     5 |     2 ||    15
         Scroll            |     2 |     4 |     9 |    14 |     1 ||    30
 Armour: Leather armour    |     3 |    35 |       |       |       ||    38
         Robe              |     2 |       |       |       |       ||     2
         Steam dragon scal |       |       |    80 |   223 |    22 ||   325
  Dodge: Dodged            |     6 |    17 |    61 |   149 |     4 ||   237
         Repelled          |       |       |       |     1 |       ||     1
  Block: Other             |       |       |     5 |     4 |       ||     9
   Form: Beast             |       |     1 |     3 |     1 |       ||     5
